Map: Coda LE

Players

Player1 (Miso) - Winner!

  • Race: Terran Terran
  • Spawn Location: 11:00

HuShang

  • Race: Protoss Protoss
  • Spawn Location: 5:00

Event: LycanGTV LotV Beta Tournament 1

VOD

Have the link to the VOD?

Description

Time

  • Played on: April 2, 2015, 12:50 p.m.
  • Length: 5:52

All games in this series

Show
View Real Time Build Order
Export as new Build Order

Player1 Terran - Winner!

Build Orders: Cyclone Opening 

Get SALT Encoding   

  12  0:00  SCV  
  13  0:13  Supply Depot  
  13  0:18  SCV  
  14  0:30  SCV  
  15  0:37  Barracks  
  15  0:42  SCV  
  16  0:44  Refinery  
  16  0:54  SCV  
  16  0:55  Refinery  
  17  1:06  SCV  
  18  1:24  Orbital Command  
  18  1:25  Reaper  
  19  1:43  Supply Depot  
  19  1:47  Factory  
  19  1:50  SCV  
  20  1:57  Barracks Reactor  
  20  2:02  SCV  
  21  2:14  SCV  
  22  2:26  SCV  
  23  2:31  Factory Tech Lab  
  23  2:33  Marine  
  23  2:34  Marine  
  25  2:39  Command Center  
  26  2:50  Supply Depot  
  25  2:53  Cyclone  
  25  2:58  Marine x2  
  30  3:06  SCV  
  31  3:17  Marine x2  
  33  3:21  SCV  
  33  3:25  Cyclone  
  37  3:33  SCV  
  38  3:36  Barracks  
  38  3:40  Barracks  
  38  3:45  SCV  
  39  3:51  Orbital Command  
  39  3:58  SCV  
  39  4:10  SCV  
  39  4:11  Marine x2  
  39  4:13  Cyclone  
  45  4:18  Supply Depot  
  45  4:22  SCV  
  46  4:28  Barracks Tech Lab x2  
  46  4:29  SCV  
  47  4:32  Marine  
  47  4:34  SCV  
  45  4:52  Marauder x2  
  49  4:54  Marine x2  
  49  4:57  SCV x2  
  53  5:00  Factory  
  53  5:04  Supply Depot  
  52  5:14  Marauder x2  
  56  5:22  Bunker  
  56  5:27  Marine x2  
  58  5:30  Starport  
Show
View Real Time Build Order
Export as new Build Order

HuShang Protoss 

Build Orders: 1 Gate Expand, Blink Stalkers 

Get SALT Encoding   

  12  0:00  Probe  
  13  0:18  Pylon  
  13  0:20  Probe  
  14  0:36  Probe (Chrono Boost), Gateway  
  15  0:46  Probe (Chrono Boost), Assimilator  
  16  0:53  Probe  
  17  1:05  Probe (Chrono Boost)  
  18  1:17  Probe (Chrono Boost)  
  19  1:24  Cybernetics Core  
  20  1:25  Probe (Chrono Boost)  
  20  1:39  Nexus  
  20  1:48  Assimilator  
  20  1:52  Pylon  
  20  2:00  Mothership Core (Chrono Boost)  
  22  2:06  Warp Gate  
  22  2:14  Probe (Chrono Boost)  
  22  2:19  Stalker  
  24  2:26  Probe (Chrono Boost)  
  25  2:33  Probe (Chrono Boost)  
  26  2:42  Twilight Council  
  26  2:43  Probe (Chrono Boost)  
  27  2:54  Probe (Chrono Boost)  
  27  2:56  Probe (Chrono Boost)  
  29  3:00  Probe (Chrono Boost)  
  29  3:04  Probe  
  31  3:12  Probe  
  32  3:16  Probe  
  32  3:19  Blink (Chrono Boost)  
  33  3:31  Gateway  
  33  3:32  Gateway  
  33  3:33  Gateway  
  33  3:36  Stalker  
  35  3:47  Robotics Facility  
  35  3:50  Probe x2  
  34  4:19  Stalker  
  33  4:39  Stalker x3  
  33  4:49  Stalker  
  29  5:00  Pylon  
  29  5:07  Pylon  
  29  5:08  Pylon  
  29  5:12  Pylon  
  29  5:23  Pylon  
  29  5:25  Stalker x2  
  29  5:26  Stalker x2  
  34  5:43  Stalker x2  

Tags
 
Add a new tag
Caveats
  • Supply blocks, unpowered buildings, or Contaminate may cause inaccurate times.
  • Supply counts are checked every 10 seconds.